 Dungeon Crawl Stone Soup version 0.21-a0-529-g8c7b3f5 (webtiles) character file.

37 slep the Chopper (level 3, -1/18 HPs)
             Began as a Vine Stalker Gladiator on Dec 11, 2017.
             Slain by an ice beast (3 damage)
             ... on level 2 of the Dungeon.
             The game lasted 00:02:15 (694 turns).

slep the Chopper (Vine Stalker Gladiator)            Turns: 694, Time: 00:02:15

Health: -1/18      AC:  4    Str: 16    XL:     3   Next: 39%
Magic:  0/4        EV: 13    Int:  8    God:
Gold:   44         SH:  0    Dex: 16    Spells: 2/2 levels left

rFire    . . .     SeeInvis .   a - +0 war axe
rCold    . . .     Gourm    .   (no shield)
rNeg     . . .     Faith    .   b - +0 leather armour
rPois    +         Spirit   +   c - +0 helmet
rElec    .         Reflect  .   (no cloak)
rCorr    .         Harm     .   (no gloves)
MR       .....                  (no boots)
Stlth    +.........             l - amulet of regeneration
HPRegen  0.46/turn              g - ring of poison resistance
MPRegen  0.09/turn              (no ring)

@: no status effects
A: fangs 2, magic shield, antimagic bite, no potion heal 3, rot immunity
a: no special abilities


You were on level 2 of the Dungeon.
You were not hungry.

You visited 1 branch of the dungeon, and saw 2 of its levels.

You collected 44 gold pieces.

Inventory:

Hand Weapons
 a - a +0 war axe (weapon)
Missiles
 d - 3 throwing nets (quivered)
Armour
 b - a +0 leather armour (worn)
 c - a +0 helmet (worn)
Jewellery
 g - a ring of poison resistance (left hand)
 l - an amulet of regeneration (around neck)
Scrolls
 e - a scroll of blinking {unknown}
 i - a scroll of enchant armour {unknown}
 k - a scroll of identify {unknown}
Potions
 h - a potion of brilliance {unknown}
Comestibles
 f - a bread ration
 j - 2 meat rations


   Skills:
 + Level 2.2 Fighting
 + Level 3.2 Axes
 + Level 2.2 Throwing
 + Level 0.1 Armour
 + Level 2.5 Dodging


You had 2 spell levels left.
You didn't know any spells.

Dungeon Overview and Level Annotations

Branches:
Dungeon (2/15)

Altars:
Hepliaklqana
The Shining One


Innate Abilities, Weirdness & Mutations

You have extremely sharp teeth.
When hurt, damage is shared between your health and your magic reserves.
Your bite disrupts and absorbs the magic of your enemies.
Potions cannot restore your health.
You are immune to rotting.


Message History

You feel invigorated.
The ice beast is lightly wounded.
You hit the jackal but do no damage. The jackal misses you. x2
The ice beast closely misses you.
You closely miss the ice beast.
The ice beast is lightly wounded.
You barely miss the jackal. The jackal bites you. The ice beast hits you.
The ice beast freezes you!
Ouch! That really hurt!
* * * LOW HITPOINT WARNING * * *
The jackal barely misses you.
You closely miss the ice beast. Your bite misses the ice beast.
The ice beast is lightly wounded.
You hit the jackal.
You kill the jackal!
The ice beast closely misses you.
You completely miss the ice beast.
The ice beast is lightly wounded.
The ice beast hits you.
You die...

#.#
#####..##(..##
#.# #..†##.##
##.# #......#
#(.# ########
#..# #..# #..#
#####
######..#..>!..
#.....†@....[..
#.#.###Y##.##..
.. .w. # #.
#..## # #.## #.
.. ..


You could see an ice beast and a dart slug.

Vanquished Creatures
  A worm (D:2)
  A dart slug (D:1)
  2 leopard geckos
  2 bats (D:2)
  3 giant cockroaches (D:1)
  A goblin (D:1)
  3 hobgoblins
  5 jackals
  3 kobolds (D:1)
  A ball python (D:1)
  3 frilled lizards
  2 rats (D:2)
27 creatures vanquished.

Notes
Turn   | Place    | Note
-------+----------+-------------------------------------------
     0 | D:1      | slep the Vine Stalker Gladiator began the quest for the Orb.
     0 | D:1      | Reached XP level 1. HP: 11/11 MP: 2/2
   146 | D:1      | Reached XP level 2. HP: 6/15 MP: 3/3
   289 | D:1      | Reached skill level 3 in Axes
   459 | D:2      | Found a hazy altar of Hepliaklqana.
   472 | D:2      | Reached XP level 3. HP: 12/18 MP: 2/4
   488 | D:2      | Found a glowing golden altar of the Shining One.
   686 | D:2      | Noticed an ice beast
   694 | D:2      | Slain by an ice beast

Vault maps used:
D:1:      evilmike_arrival_rings
D:2:      tso_altar, nicolae_overflow_crystal_walls, lemuel_doored_altar,
          chequers_ecumenical_altar_simple, minmay_tetromino_s2

Skill      XL: |  1  2 |
---------------+-------+-----
Throwing       | 2 |  2.2
Fighting       | 2 |  2.2
Axes           | 3 |  3.2
Armour         | |  0.1
Dodging        | |  2.5

Action                   || total
-------------------------++-------
Melee: War axe           ||    55
       Bite              ||     9
 Stab: Sleeping          ||     1
Armor: Leather armour    ||    15
Dodge: Dodged            ||    44

Table legend:
 A = Spawn XP
 B = Non-spawn XP
 C = Spawn XP percentage of total XP
 D = Spawn monster count
 E = Non-spawn monster count
 F = Spawn count percentage of total count
 G = Total turns spent on level
                    A         B        C        D         E        F      G
               +---------+---------+-------+---------+---------+-------+---------
         Total |       0 |      53 |   0.0 |       0 |      27 |   0.0 |   694
               +---------+---------+-------+---------+---------+-------+---------
           D:1 |       0 |      28 |   0.0 |       0 |      14 |   0.0 |   452
           D:2 |       0 |      25 |   0.0 |       0 |      13 |   0.0 |   242
               +---------+---------+-------+---------+---------+-------+---------
